Map: Terraform LE (Void)

Players

dreadlord

  • Race: Terran Terran
  • League: Grandmaster

Javert - Winner!

  • Race: Zerg Zerg
  • League: Silver

VOD

Have the link to the VOD?

Description

Time

  • Played on: July 20, 2015, 12:43 a.m.
  • Length: 10:44
Show
View Real Time Build Order
Export as new Build Order

dreadlord Terran 

Build Orders: Command Center First (CC), MMM Bio 

Get SALT Encoding   

  12  0:01  SCV  
  13  0:14  SCV  
  14  0:25  Supply Depot  
  14  0:27  SCV  
  15  0:47  SCV  
  16  0:59  Command Center  
  16  1:02  SCV  
  17  1:16  Barracks  
  17  1:17  SCV  
  18  1:29  Barracks  
  18  1:33  SCV  
  19  1:46  SCV  
  20  2:02  Orbital Command  
  20  2:03  Marine  
  21  2:09  Bunker  
  21  2:12  Orbital Command  
  21  2:16  Marine  
  21  2:21  Marine  
  23  2:29  SCV  
  24  2:34  Refinery, Marine  
  24  2:35  Refinery  
  25  2:39  SCV, Marine  
  25  2:41  SCV  
  28  2:51  SCV  
  29  2:53  SCV  
  29  2:56  Marine  
  30  3:03  SCV  
  30  3:05  SCV, Marine  
  33  3:14  Marine  
  33  3:15  SCV  
  33  3:17  Command Center, SCV  
  36  3:27  SCV  
  36  3:29  SCV  
  38  3:46  Supply Depot  
  38  3:47  Supply Depot  
  38  4:03  SCV x2  
  38  4:04  Refinery  
  38  4:05  Refinery  
  38  4:09  Engineering Bay  
  40  4:15  SCV x2  
  42  4:18  Barracks Reactor  
  42  4:21  Factory  
  42  4:22  Engineering Bay  
  42  4:28  SCV x2  
  44  4:33  Barracks Tech Lab  
  44  4:37  Orbital Command  
  44  4:40  SCV x2  
  46  4:47  Terran Infantry Armor Level 1  
  46  4:52  SCV x2  
  48  4:55  Marauder, Marine x2  
  48  4:57  Stimpack  
  52  5:04  Terran Infantry Weapons Level 1, SCV x2  
  54  5:07  Starport, Factory Reactor  
  54  5:10  SCV  
  55  5:16  SCV x2, Marauder  
  55  5:20  Armory  
  59  5:22  SCV  
  59  5:26  Starport, Marine x2  
  64  5:28  SCV x2  
  64  5:31  Barracks  
  64  5:35  SCV  
  65  5:39  Marauder  
  65  5:40  SCV x2  
  69  5:44  Marine  
  69  5:47  SCV  
  69  5:49  Supply Depot  
  71  5:52  SCV  
  72  5:59  Marine  
  72  6:00  SCV x2, Factory Reactor, Marauder  
  77  6:06  Starport Tech Lab  
  77  6:08  SCV  
  77  6:09  Supply Depot x2  
  77  6:10  Marine, Medivac x2  
  78  6:22  Marauder  
  78  6:23  Barracks Reactor, Marine  
  81  6:28  SCV, Fusion Core  
  81  6:30  Terran Vehicle And Ship Armor Level 1  
  82  6:33  Supply Depot  
  82  6:34  Supply Depot, Missile Turret  
  82  6:35  Supply Depot  
  82  6:43  Marauder  
  82  6:44  Orbital Command  
  82  6:45  Missile Turret  
  82  6:46  SCV, Marine x2  
  87  6:58  SCV, Missile Turret  
  87  6:59  Widow Mine x2  
  92  7:04  Marine x2  
  94  7:10  SCV x2  
  94  7:13  SCV  
  97  7:22  SCV x2  
  99  7:24  Behemoth Reactor  
  99  7:25  SCV  
  99  7:29  Starport  
  100  7:30  Starport  
  100  7:33  Barracks  
  100  7:34  SCV x2, Barracks  
  100  7:35  Refinery  
  102  7:37  Refinery  
  102  7:43  SCV  
  103  7:46  SCV  
  103  7:48  Combat Shields  
  103  7:50  Marauder, Marine x3  
  109  7:52  Supply Depot  
  109  7:53  Supply Depot x2  
  109  7:54  Supply Depot  
  109  7:57  Battlecruiser  
  115  8:18  Marauder, Marine x4  
  115  8:19  Widow Mine x2  
  125  8:20  Starport Tech Lab  
  125  8:21  Starport Reactor  
  125  8:32  Barracks Reactor, Barracks Tech Lab  
  125  8:35  Marine  
  125  8:36  Marine  
  125  8:39  Marauder  
  129  8:42  Missile Turret x2  
  129  8:47  Missile Turret  
  127  8:52  SCV x2  
  129  8:59  Marauder  
  129  9:01  Marauder  
  128  9:07  SCV x2, Concussive Shells  
  124  9:11  SCV  
  124  9:12  Marine x6  
  129  9:20  Marauder  
  129  9:22  Marauder  
  129  9:29  Marine  
  129  9:30  Marine x5  
  112  9:42  Marauder  
  101  9:47  Marine  
  101  9:48  Marine  
  89  10:03  Marauder  
Show
View Real Time Build Order
Export as new Build Order

Javert Zerg - Winner!

Build Orders: Hatch First, Lurkers 

Get SALT Encoding   

  12  0:01  Drone  
  13  0:13  Overlord  
  13  0:20  Drone  
  14  0:32  Drone x2  
  16  0:37  Drone  
  17  0:54  Hatchery  
  16  0:58  Drone  
  16  1:04  Drone, Extractor  
  17  1:08  Drone  
  18  1:19  Spawning Pool  
  18  1:20  Drone  
  18  1:30  Drone  
  19  1:41  Drone  
  20  1:51  Overlord  
  20  2:03  Drone  
  20  2:06  Metabolic Boost, Queen  
  20  2:07  Queen  
  25  2:12  Drone  
  25  2:13  Drone  
  27  2:20  Drone  
  28  2:27  Drone  
  29  2:32  Drone  
  30  2:44  Hatchery  
  29  2:55  Queen  
  29  2:56  Drone x3  
  34  3:00  Overlord  
  34  3:06  Drone x2  
  36  3:16  Overlord  
  36  3:20  Overlord  
  36  3:22  Drone x3  
  39  3:40  Baneling Nest  
  38  3:44  Drone x7  
  45  3:55  Overlord x2  
  45  4:03  Extractor  
  45  4:06  Zergling x12  
  45  4:09  Burrow  
  50  4:13  Lair  
  50  4:20  Drone  
  50  4:21  Drone x5  
  50  4:24  Extractor  
  55  4:25  Extractor  
  55  4:29  Evolution Chamber x2  
  52  4:33  Drone x3  
  52  4:34  Drone  
  56  4:39  Drone  
  56  4:40  Drone  
  58  4:52  Baneling x7  
  58  4:53  Baneling x3  
  58  4:55  Drone x6  
  64  5:01  Drone x2  
  66  5:10  Overlord x2  
  66  5:38  Drone x8  
  66  5:39  Drone x8, Overlord x2  
  82  5:43  Extractor  
  82  5:45  Extractor  
  82  5:46  Zerg Missile Weapons Level 1, Zerg Ground Armor Level 1  
  80  5:50  Hydralisk Den  
  78  6:00  Drone x4  
  82  6:08  Lurker Den  
  79  6:17  Drone  
  79  6:18  Drone x10  
  90  6:26  Overlord x6  
  90  6:38  Overlord x2  
  90  6:43  Overlord, Queen  
  90  6:44  Overlord  
  92  6:50  Hydralisk x10  
  112  6:56  Overlord  
  112  6:57  Overlord  
  112  6:59  Overlord  
  112  7:01  Overlord  
  112  7:07  Spore Crawler  
  111  7:09  Spine Crawler, Zergling x10  
  111  7:10  Spine Crawler  
  111  7:14  Spore Crawler  
  113  7:16  Spine Crawler  
  113  7:22  Spine Crawler  
  111  7:36  Hydralisk x11  
  133  7:46  Spine Crawler  
  133  7:50  Lurker x8  
  140  7:51  Overlord  
  140  8:05  Overlord  
  140  8:08  Overlord x2  
  140  8:24  Muscular Augments  
  140  8:25  Zerg Ground Armor Level 2, Zerg Missile Weapons Level 2  
  140  8:27  Zergling x4  
  140  8:28  Zergling x32  
  140  8:31  Lurker  
  159  8:39  Infestation Pit  
  159  8:40  Overlord x2  
  147  9:08  Overlord  
  147  9:09  Overlord  
  125  9:32  Overlord x2  
  121  9:39  Zergling x12  
  121  9:40  Zergling x6  
  114  9:48  Zergling x2  
  100  10:12  Zergling x8  
Tags
 
Add a new tag
Caveats
  • Supply blocks, unpowered buildings, or Contaminate may cause inaccurate times.
  • Supply counts are checked every 10 seconds.